 Dungeon Crawl Stone Soup version 0.23.0 (webtiles) character file.

Game seed: 14490358039113334259

176214 Borgoz the Warrior (level 18, -8/168 HPs)
             Began as a Ghoul Monk on Feb 16, 2019.
             Killed from afar by a deep troll earth mage (20 damage)
             ... with a blast of rock fragments
             ... on level 1 of the Depths.
             The game lasted 01:44:14 (34000 turns).

Borgoz the Warrior (Ghoul Monk)                    Turns: 34000, Time: 01:44:15

Health: -8/168     AC: 25    Str: 22    XL:     18   Next: 12%
Magic:  0/17       EV: 21    Int:  5    God:
Gold:   1960       SH:  0    Dex: 25    Spells: 17/17 levels left

rFire    . . .     SeeInvis +     - Unarmed
rCold    + . .     Gourm    .   (no shield)
rNeg     + + +     Faith    .   v - +3 chain mail of Satisfaction {rElec Dex+3}
rPois    ∞         Spirit   +   r - +2 hat {MR+}
rElec    +         Reflect  .   x - +2 cloak
rCorr    .         Harm     .   (no gloves)
MR       ++...                  C - +2 pair of boots
Stlth    ..........             L - amulet of guardian spirit
HPRegen  0.00/turn              o - ring of see invisible
MPRegen  0.15/turn              M - +5 ring of dexterity

@: mighty, very slightly contaminated, rotting, invisible
A: rotting body, claws 1, carnivore, cold resistance 1, negative energy
resistance 3, inhibited regeneration, torment resistance, unbreathing
a: no special abilities


You were on level 1 of the Depths.
You were not hungry.

You visited 7 branches of the dungeon, and saw 31 of its levels.
You also visited: Ice Cave.

You collected 3143 gold pieces.
You spent 1183 gold pieces at shops.

Inventory:

Missiles
 g - a throwing net (quivered)
Armour
 j - a +0 shield
 m - a +4 chain mail of fire resistance
 r - a +2 hat of magic resistance (worn)
 v - the +3 chain mail of Satisfaction (worn) {rElec Dex+3}
   (You found it on level 7 of the Dungeon)

   It affects your dexterity (+3).
   It insulates you from electricity.
 w - a +0 chain mail of cold resistance
 x - a +2 cloak (worn)
 C - a +2 pair of boots (worn)
Jewellery
 d - an uncursed ring of fire
 o - a ring of see invisible (left claw)
 F - an uncursed ring of protection from cold
 J - an uncursed ring of protection from magic
 L - an amulet of guardian spirit (around neck)
 M - a +5 ring of dexterity (right claw)
Wands
 a - a wand of paralysis (13)
 u - a wand of iceblast (33)
 z - a wand of acid (3)
 B - a wand of disintegration (12)
 D - a wand of digging (7)
 P - a wand of scattershot (5)
 S - a wand of flame (14)
Scrolls
 f - 3 scrolls of teleportation
 h - 18 scrolls of remove curse
 n - 5 scrolls of magic mapping
 q - 8 scrolls of fear
 s - 2 scrolls of torment
 t - 5 scrolls of identify
 E - a scroll of summoning
 O - 2 scrolls of fog
 U - 2 scrolls of silence
Potions
 c - 3 potions of curing
 l - 3 potions of cancellation
 A - 2 potions of might
 G - 4 potions of agility
 N - 7 potions of flight
 T - a potion of resistance
Comestibles
 y - 46 rations


   Skills:
 + Level 16.9 Fighting
 - Level 5.0 Throwing
 + Level 14.2 Armour
 + Level 14.6 Dodging
 - Level 2.2 Stealth
 - Level 2.6 Shields
 + Level 16.9 Unarmed Combat


You had 17 spell levels left.
You didn't know any spells.
Your spell library contained the following spells:

 Spells                   Type           Power        Failure   Level  Hunger
 Corona                   Hex            #......      95%         1    ##.....
 Sandblast                Erth           #.....       95%         1    ##.....
 Sting                    Conj/Pois      #...         95%         1    ##.....
 Ensorcelled Hibernation  Hex/Ice        #.....       98%         2    ###....
 Passwall                 Tmut/Erth      #.......     98%         2    ###....
 Song of Slaying          Chrm           #.......     98%         2    ###....
 Swiftness                Chrm/Air       #.......     98%         2    ###....
 Confuse                  Hex            #.......     100%        3    ####...
 Dazzling Spray           Conj/Hex       #.....       100%        3    ####...
 Ozocubu's Armour         Chrm/Ice       #.......     100%        3    ####...
 Stone Arrow              Conj/Erth      #.....       100%        3    ####...
 Tukima's Dance           Hex            #.......     100%        3    ####...
 Olgreb's Toxic Radiance  Pois           #.......     100%        4    #####..
 Petrify                  Tmut/Erth      #.......     100%        4    #####..
 Alistair's Intoxication  Tmut/Pois      #.......     100%        5    ######.
 Lee's Rapid Deconstruct  Erth           #.........   100%        5    ######.
 Metabolic Englaciation   Hex/Ice        #.........   100%        5    ######.
 Bolt of Cold             Conj/Ice       #.........   100%        6    #######
 Freezing Cloud           Conj/Ice/Air   #.........   100%        6    #######
 Ozocubu's Refrigeration  Ice            #.........   100%        6    #######
 Simulacrum               Ice/Necr       #.........   100%        6    #######
 Ice Form                 Ice/Tmut       Unusable     N/A         4    N/A

Dungeon Overview and Level Annotations

Branches:
Dungeon (15/15)            Temple (1/1) D:7            Lair (6/6) D:10
  Swamp (4/4) Lair:3       Spider (0/4) Lair:4        Slime (0/5) Lair:6
    Orc (2/2) D:11            Elf (2/3) Orc:2        Vaults (0/5) D:14
 Depths (1/5) D:15

Altars:
Ashenzari
Cheibriados
Dithmenos
Elyvilon
Fedhas
Gozag
Hepliaklqana
Kikubaaqudgha
Makhleb
Nemelex Xobeh
Okawaru
Qazlal
Ru
Sif Muna
Trog
Uskayaw
Vehumet
Wu Jian
Xom
Yredelemnul
Zin
The Shining One

Shops:
D:8 }   D:10 [   D:13 (*=?   Orc:1 :   Orc:2 *=%[   Elf:1 (

Portals:
Hell: Depths:1
Pandemonium: Depths:1
Trove: D:13 (give +3 gold dragon scales)

Annotations:
Lair:6 exclusion: 3 oklob plants
Elf:2 3 runed translucent doors


Innate Abilities, Weirdness & Mutations

Your body is rotting away.
You thrive on raw meat.
You are immune to poison.
You have sharp fingernails.
You are carnivorous and can eat meat at any time.
Your flesh is cold resistant. (rC+)
You are immune to negative energy. (rN+++)
You do not regenerate when monsters are visible.
You are immune to unholy pain and torment.
You can survive without breathing.


Message History

* * * LOW HITPOINT WARNING * * *
The blast of rock fragments hits the deep troll earth mage.
You closely miss the deep troll earth mage.
You claw the deep troll earth mage, but do no damage.
The deep troll earth mage is lightly wounded.
The deep troll earth mage closely misses you. x3
You scratch the deep troll earth mage.
The deep troll earth mage is lightly wounded.
You mangle the deep troll earth mage!!
Your claw misses the deep troll earth mage.
The deep troll earth mage is almost dead.
The deep troll earth mage casts a spell past you.
The wall shatters!
The blast of rock fragments hits you!!
* * * LOW HITPOINT WARNING * * *
The blast of rock fragments hits the deep troll earth mage!
The deep troll earth mage dies!
You hear a shout!
The deep troll earth mage gestures at the two-headed ogre while chanting.
The wall shatters!
The blast of rock fragments hits you!!
You die...

#### # ### .... .
#.. ...u . #.# ...
. #.######.##### #
#@##...#T#...##
#.#...........#
#.#..##...##..#
#O#E.##...##..####
#.##T........##...
#.T[TOD.∩.........
####O........##...
#."##...##..#.##
#..##...##..#.#


You could see a two-headed ogre and a deep troll earth mage.

Vanquished Creatures
  Gastronok (Lair:2)
  Frances (Swamp:1)
  A deep elf sorcerer (Elf:1)
  A frost giant (IceCv)
  2 orc warlords
  A ghoul (Swamp:2)
  A stone giant (Depths:1)
  4 very ugly things
  A deep elf annihilator (Elf:1)
  2 fire dragons
  8 vault guards (D:14)
  2 great orbs of eyes (Depths:1)
  5 shambling mangroves
  17 hydras
  2 ice dragons
  Erica (D:11)
  6 centaur warriors
  19 two-headed ogres
  4 dancing weapons
  7 alligators
  5 ogre magi
  A death yak (IceCv)
  A deep troll shaman (Depths:1)
  A deep troll earth mage (Depths:1)
  Urug (Lair:3)
  An orc high priest (Orc:2)
  Nergalle (D:11)
  4 spriggans
  A fire crab (Lair:6)
  2 iron trolls (Depths:1)
  2 deep elf knights (Elf:1)
  3 skeletal warriors (D:14)
  2 unseen horrors (D:12)
  A deep troll (Depths:1)
  Pikel (D:6)
  A wizard (D:14)
  A spriggan druid (Swamp:4)
  5 deep elf archers
  An orc knight (Orc:2)
  2 wolf spider zombies
  5 swamp dragons
  An oklob plant (Lair:6)
  32 deep elf magi
  4 orc sorcerers (Orc:2)
  4 cyclopes
  16 ugly things
  3 molten gargoyles (Lair:6)
  An ice statue (IceCv)
  3 black mambas
  5 gargoyles
  10 spiny frogs
  2 rime drakes
  An orange demon (Swamp:4)
  3 centaur skeletons
  11 komodo dragons
  A troll (shapeshifter) (D:15)
  4 trolls
  17 polar bears
  3 tyrant leeches
  16 hornets
  Prince Ribbit (D:8)
  11 blink frogs
  12 slime creatures
  18 hippogriffs
  16 bog bodies
  2 centaur simulacra (D:15)
  A shadow (Swamp:3)
  An air elemental (Elf:2)
  A wraith (D:14)
  2 vampires
  6 wyverns
  60 yaks
  4 steam dragons
  Grum (D:8)
  4 basilisks
  16 vampire mosquitoes
  3 hungry ghosts
  6 wargs (Orc:1)
  10 swamp worms
  Edmund (D:5)
  7 insubstantial wisps
  14 water moccasins
  Duvessa (D:6)
  4 hell hounds (Lair:6)
  4 porcupines
  23 orc warriors
  An ice beast (D:7)
  A slave (D:6)
  9 sky beasts
  An eye of draining (D:13)
  5 black bears
  5 swamp drakes
  A hornet zombie (D:13)
  5 necrophages
  3 phantoms
  36 wolves
  42 ogres
  11 crocodiles
  12 centaurs
  2 big kobolds
  15 bullfrogs
  A wyvern zombie (D:9)
  Dowan (D:6)
  A wyvern skeleton (D:13)
  4 scorpions
  9 killer bees
  3 wights (D:12)
  8 howler monkeys
  7 crimson imps
  5 lava snakes (Lair:6)
  4 centaur zombies
  9 hounds
  A quasit (D:6)
  A bullfrog zombie (D:8)
  13 jellies
  19 orc priests
  A gnoll shaman (D:5)
  24 orc wizards
  2 bullfrog skeletons
  Natasha (D:3)
  6 iguanas
  19 worker ants
  A hound zombie (D:6)
  A hound skeleton (D:5)
  A howler monkey zombie (D:9)
  A worker ant zombie (D:6)
  Robin (D:3)
  10 adders
  5 gnolls (D:5)
  4 shadow imps
  12 white imps
  11 oozes
  An adder skeleton (D:8)
  An adder zombie (D:8)
  7 worms
  2 dart slugs
  63 orcs
  3 bats
  4 giant cockroaches
  14 goblins
  5 hobgoblins
  9 jackals
  2 quokkas
  A ball python (D:1)
  4 frilled lizards
  16 kobolds
  A leopard gecko skeleton (D:4)
  A quokka skeleton (D:7)
  A quokka zombie (D:5)
  13 rats
  A plant (Lair:6)
978 creatures vanquished.

Vanquished Creatures (others)
  A deep troll earth mage (Depths:1)
  A swamp dragon (Swamp:4)
  An ugly thing (Swamp:4)
  A deep elf mage (Elf:1)
  A blink frog (Lair:6)
  A yak (Lair:6)
  A basilisk (Lair:6)
  A slave (D:6)
  A crocodile (Lair:6)
  A scorpion (D:6)
  5 fungi (Lair:6)
  10 plants
25 creatures vanquished.

Grand Total: 1003 creatures vanquished

Notes
Turn   | Place    | Note
-------+----------+-------------------------------------------
     0 | D:1      | Borgoz the Ghoul Monk began the quest for the Orb.
     0 | D:1      | Reached XP level 1. HP: 19/19 MP: 0/0
   269 | D:1      | Reached XP level 2. HP: 22/26 MP: 1/1
   886 | D:1      | Reached XP level 3. HP: 33/33 MP: 2/2
  1400 | D:2      | Reached XP level 4. HP: 32/40 MP: 3/3
  1619 | D:2      | Reached skill level 1 in Armour
  1620 | D:2      | Found a shimmering altar of Xom.
  1874 | D:4      | Reached XP level 5. HP: 8/46 MP: 4/4
  2159 | D:4      | Noticed an ogre
  2198 | D:4      | Found an opulent altar of Gozag.
  2386 | D:4      | Found a shattered altar of Ashenzari.
  2921 | D:3      | Reached XP level 6. HP: 52/53 MP: 5/5
  2955 | D:3      | Noticed Robin
  3009 | D:3      | Killed Robin
  3091 | D:3      | Noticed Natasha
  3105 | D:3      | Killed Natasha
  3510 | D:4      | Reached skill level 5 in Fighting
  3510 | D:4      | Reached skill level 5 in Unarmed Combat
  3569 | D:5      | Entered Level 5 of the Dungeon
  3630 | D:6      | Reached XP level 7. HP: 56/61 MP: 6/6
  3776 | D:6      | Noticed Dowan
  3778 | D:6      | Noticed Duvessa
  3874 | D:5      | Got a warped scale mail
  3885 | D:5      | Identified the +6 scale mail of a wizard's laboratory
                  | {Dex+2} (You found it on level 5 of the Dungeon)
  3923 | D:5      | Noticed Edmund
  3989 | D:5      | Killed Edmund
  4019 | D:5      | Reached XP level 8. HP: 40/70 MP: 7/7
  4144 | D:5      | Reached skill level 5 in Dodging
  4259 | D:5      | Identified the Compendium of Lucky Venom
  4495 | D:6      | Killed Duvessa
  4639 | D:6      | Found a burning altar of Makhleb.
  4639 | D:6      | Noticed a blizzard demon
  4651 | D:6      | Found a basalt altar of Yredelemnul.
  4678 | D:6      | Killed Dowan
  4722 | D:6      | Noticed Pikel
  4753 | D:6      | Killed Pikel
  4753 | D:6      | Reached skill level 5 in Armour
  4753 | D:6      | Reached XP level 9. HP: 33/79 MP: 8/8
  5025 | D:7      | Found a staircase to the Ecumenical Temple.
  5091 | Temple   | Entered the Ecumenical Temple
  5501 | D:7      | Got a distressingly furry chain mail
  5512 | D:7      | Identified the +3 chain mail of Satisfaction {rElec Dex+3}
                  | (You found it on level 7 of the Dungeon)
  5665 | D:7      | Reached XP level 10. HP: 61/88 MP: 9/9
  5825 | D:7      | Noticed a gargoyle
  5832 | D:7      | Killed a gargoyle
  5942 | D:7      | Noticed a moth of wrath
  5944 | D:7      | Found a bloodstained altar of Trog.
  5967 | D:7      | Got a crystal rapier
  5969 | D:7      | Identified the cursed +0 rapier of World's End {flame,
                  | Dex+7} (You found it on level 7 of the Dungeon)
  6495 | D:8      | Noticed Prince Ribbit
  6501 | D:8      | Killed Prince Ribbit
  6544 | D:9      | Noticed a two-headed ogre
  6548 | D:9      | Noticed a two-headed ogre
  6737 | D:8      | Found Piosk's Gadget Boutique.
  6826 | D:8      | Found a sparkling altar of Nemelex Xobeh.
  7007 | D:8      | Noticed Grum
  7020 | D:8      | Killed Grum
  7200 | D:8      | Found a deep blue altar of Sif Muna.
  7394 | D:8      | Noticed a two-headed ogre
  7408 | D:8      | Killed a two-headed ogre
  7524 | D:9      | Found a blossoming altar of Fedhas.
  7552 | D:9      | Reached XP level 11. HP: 82/97 MP: 10/10
  7825 | D:9      | Reached skill level 10 in Unarmed Combat
  7844 | D:9      | Noticed a two-headed ogre
  7854 | D:9      | Killed a two-headed ogre
  7854 | D:9      | Reached skill level 10 in Fighting
  7915 | D:9      | Found a hazy altar of Hepliaklqana.
  8067 | D:9      | Noticed a two-headed ogre
  8068 | D:9      | Killed a two-headed ogre
  8085 | D:9      | Killed a two-headed ogre
  8204 | D:9      | Noticed a brown ugly thing
  8215 | D:9      | Killed a brown ugly thing
  8471 | D:10     | Entered Level 10 of the Dungeon
  8521 | D:10     | Found a staircase to the Lair.
  8740 | D:10     | Reached XP level 12. HP: 91/107 MP: 11/11
  9039 | D:10     | Found Kirph's Antique Armour Boutique.
  9044 | D:10     | Bought a turquoise-encrusted chain mail for 256 gold pieces
  9054 | D:10     | Identified the +6 chain mail of the Dungeon {Int+2} (You
                  | bought it in a shop on level 10 of the Dungeon)
  9583 | D:11     | Noticed Erica
  9605 | D:11     | Killed Erica
  9667 | D:11     | Found a staircase to the Orcish Mines.
  9694 | D:11     | Noticed Nergalle
  9712 | D:11     | Killed Nergalle
 10430 | D:12     | Reached skill level 10 in Dodging
 10541 | D:12     | Noticed a centaur warrior
 10915 | D:13     | Found Guqaanon's Jewellery Shoppe.
 11057 | D:13     | Found Kavaux's Assorted Antiques.
 11064 | D:13     | Identified a scroll of acquirement
 11086 | D:13     | Found a portal to a secret trove of treasure.
 11090 | D:13     | Noticed a centaur warrior
 11109 | D:13     | Killed a centaur warrior
 11109 | D:13     | Reached XP level 13. HP: 85/118 MP: 12/12
 11229 | D:13     | Found Ipruissot's Magic Scroll Shoppe.
 11333 | D:13     | Reached skill level 10 in Armour
 11801 | D:13     | Found Musiycsi's Antique Weapon Shop.
 12424 | D:14     | Got a crude mace
 12425 | D:14     | Identified the +6 mace of Temperance {flame, rPois Dex+3}
                  | (You found it on level 14 of the Dungeon)
 13045 | D:14     | Found a gate to the Vaults.
 13045 | D:14     | Noticed a vault guard
 13045 | D:14     | Noticed a vault guard
 13045 | D:14     | Noticed a vault guard
 13045 | D:14     | Noticed a vault guard
 13045 | D:14     | Noticed a vault guard
 13046 | D:14     | Noticed a vault guard
 13046 | D:14     | Noticed a vault guard
 13046 | D:14     | Noticed a vault guard
 13062 | D:14     | Killed a vault guard
 13071 | D:14     | Killed a vault guard
 13071 | D:14     | Reached XP level 14. HP: 116/128 MP: 13/13
 13442 | D:13     | Bought a scratched sapphire ring for 135 gold pieces
 13442 | D:13     | Bought a wand of acid (6) for 216 gold pieces
 13530 | Lair:1   | Entered Level 1 of the Lair of Beasts
 13699 | Lair:1   | Got a transparent hat
 13699 | Lair:1   | Got a clouded brass ring
 13710 | Lair:1   | Identified the +2 hat of Koq Arug {rElec rPois Int-3 Dex+2}
                  | (You acquired it on level 1 of the Lair of Beasts)
 13723 | Lair:1   | Identified the ring of Qoidic {Wiz +Blink rN+} (You
                  | acquired it on level 1 of the Lair of Beasts)
 14802 | Lair:2   | Noticed Gastronok
 14827 | Lair:2   | Killed Gastronok
 15641 | Lair:3   | Noticed Urug
 15672 | Lair:3   | Killed Urug
 15772 | Lair:3   | Found a staircase to the Swamp.
 15983 | Lair:3   | Got a translucent long sword
 15984 | Lair:3   | Identified the +8 long sword of Intimidation {flame, rPois
                  | rF+ Int+3} (You found it on level 3 of the Lair of Beasts)
 16349 | Lair:4   | Found a hole to the Spider Nest.
 16430 | Lair:4   | Got a steaming mace
 16431 | Lair:4   | Identified the +7 mace of the Dwarven Hall {speed, Int+7}
                  | (You found it on level 4 of the Lair of Beasts)
 17498 | Lair:6   | Entered Level 6 of the Lair of Beasts
 18117 | Lair:6   | Found a staircase to the Slime Pits.
 18275 | Lair:6   | Found a large runed translucent door.
 18362 | Lair:6   | Reached XP level 15. HP: 110/138 MP: 12/14
 18470 | Lair:6   | Found a large runed translucent door.
 20772 | Orc:1    | Entered Level 1 of the Orcish Mines
 20844 | Orc:1    | Found Qoobb's Book Emporium.
 20919 | Orc:2    | Entered Level 2 of the Orcish Mines
 21154 | Orc:1    | Found a frozen archway.
 21165 | IceCv    | Entered an ice cave
 21759 | IceCv    | Noticed a frost giant
 21785 | IceCv    | Killed a frost giant
 22347 | Orc:2    | Found a staircase to the Elven Halls.
 22610 | Orc:2    | Reached skill level 15 in Fighting
 22838 | Orc:2    | Reached skill level 15 in Unarmed Combat
 23199 | Orc:2    | Reached XP level 16. HP: 108/149 MP: 12/15
 23385 | Orc:2    | Found Punappih's Jewellery Emporium.
 23385 | Orc:2    | Found Urruydich's Antique Armour Shop.
 23385 | Orc:2    | Found Xiurodopt's General Store.
 23385 | Orc:2    | Found Raar's Food Emporium.
 23399 | Orc:2    | Bought a +5 ring of dexterity for 576 gold pieces
 24576 | Elf:1    | Entered Level 1 of the Elven Halls
 24576 | Elf:1    | Found a deep blue altar of Sif Muna.
 24878 | Elf:1    | Reached skill level 1 in Throwing
 25290 | Elf:2    | Found a runed translucent gate.
 25333 | Elf:2    | Found a runed translucent gate.
 25333 | Elf:2    | Found a runed translucent gate.
 25673 | Elf:1    | Found Nigi Vau's Weapon Shop.
 26998 | D:15     | Entered Level 15 of the Dungeon
 27088 | D:15     | Found a glowing golden altar of the Shining One.
 27188 | D:15     | Reached XP level 17. HP: 137/158 MP: 14/16
 27539 | D:15     | Found a staircase to the Depths.
 27918 | Swamp:1  | Entered Level 1 of the Swamp
 27943 | Swamp:1  | Noticed Frances
 28819 | Swamp:1  | Killed Frances
 29901 | Swamp:2  | Reached skill level 5 in Throwing
 30021 | Swamp:2  | HP: 6/159 [slime creature (9)]
 31297 | Swamp:3  | Reached skill level 1 in Shields
 31710 | Swamp:4  | Entered Level 4 of the Swamp
 33281 | Depths:1 | Entered Level 1 of the Depths
 33838 | Depths:1 | Found a one-way gate leading to the halls of Pandemonium.
 33873 | Depths:1 | Found a gateway to Hell.
 33947 | Depths:1 | Reached XP level 18. HP: 117/168 MP: 12/17
 34000 | Depths:1 | Killed from afar by a deep troll earth mage

Skill      XL: |  1  2  3  4  5  6  7  8  9 10 11 12 13 14 15 16 17 |
---------------+----------------------------------------------------+-----
Dodging        | 3 4 6 8 9 10 11 12 13 14 | 14.6
Fighting       | 4 5 7 8 9 10 12 13 14 15 16 | 16.9
Armour         | 1 2 3 5 6 7 8 9 10 11 12 13 14 | 14.2
Unarmed Combat | 4 5 7 8 9 10 12 13 14 15 16 | 16.9
Throwing       | 3 5 |  5.0
Shields        | 2 |  2.6
Stealth        | |  2.2

Action                   |  1- 3 |  4- 6 |  7- 9 | 10-12 | 13-15 | 16-18 || total
-------------------------+-------+-------+-------+-------+-------+-------++-------
Melee: Unarmed           |    98 |   236 |   423 |   956 |  2000 |  1388 ||  5101
       Punch             |     2 |     4 |    10 |    41 |   149 |   153 ||   359
Evoke: Wand              |       |       |       |    12 |    45 |       ||    57
  Use: Scroll            |     2 |     1 |     9 |     8 |    18 |    14 ||    52
       Potion            |       |     5 |    10 |     8 |     9 |    10 ||    42
 Stab: Distracted        |     1 |       |       |       |     1 |       ||     2
       Sleeping          |     1 |     4 |       |       |       |       ||     5
       Invisible         |       |       |     6 |       |       |     2 ||     8
  Eat: Chunk             |     6 |    26 |    33 |    76 |   224 |   169 ||   534
Armor: Robe              |    14 |     8 |       |       |       |       ||    22
       Chain mail        |       |    34 |       |       |   714 |   684 ||  1432
       Ring mail         |       |    13 |    24 |       |       |       ||    37
       Scale mail        |       |       |   119 |   318 |   211 |       ||   648
Dodge: Dodged            |    75 |   118 |   289 |   692 |  1293 |  1316 ||  3783
